 Dungeon Crawl Stone Soup version 0.17.1-1-g73c8601 (webtiles) character file.

471 penguinsfan71 the Grave Robber (level 6, -5/43 HPs)
             Began as a Vampire Necromancer on Feb 5, 2016.
             Was an Initiate of Sif Muna.
             Slain by an ogre
             ... wielding a +0 giant club
              (16 damage)
             ... on level 5 of the Dungeon.
             The game lasted 00:36:24 (7754 turns).

penguinsfan71 the Grave Robber (VpNe)               Turns: 7754, Time: 00:36:24

Health: -5/43      AC:  3    Str:  7    XL:     6   Next: 83%
Magic:  11/12      EV: 15    Int: 19    God:    Sif Muna [......]
Gold:   236        SH:  0    Dex: 20    Spells: 1 memorised, 12 levels left

rFire  . . .     SeeInvis +     u - +0 falchion
rCold  + . .     Clarity  .     a - +1 robe
rNeg   + + .     SustAt   .     (no shield)
rPois  +         Gourm    .     (no helmet)
rElec  .         Spirit   .     (no cloak)
rCorr  .         Warding  .     (no gloves)
rMut   .         Rnd*Tele +     (no boots)
MR     .....                    (no amulet)
Stlth  ++........               d - +5 ring of dexterity
                                Q - ring of teleportation (curse)

@: regenerating slowly, not resistant to hostile enchantments, unstealthy
A: fangs 3, see invisible, unbreathing
a: Bat Form, Renounce Religion, Evoke Teleportation


You were on level 5 of the Dungeon.
You worshipped Sif Muna.
Sif Muna was noncommittal.
You were thirsty.

You visited 2 branches of the dungeon, and saw 6 of its levels.

You collected 236 gold pieces.

Inventory:

Hand Weapons
 f - a +0 club
 o - a +0 spear
 r - a +0 dagger
 u - a +0 falchion (weapon)
 v - a +0 hunting sling of flaming
 w - a +0 mace
 x - a +0 dagger of protection
 y - a +0 hand axe
 A - a +0 morningstar
 B - a +0 blowgun
 M - a +0 flail
 P - a +0 quarterstaff
Missiles
 g - 25 arrows
 i - a throwing net
 j - 7 curare-tipped needles
 q - 232 stones
 z - 10 tomahawks
 C - 27 poisoned needles
 J - 6 poisoned sling bullets
 L - 5 needles of paralysis (quivered)
Armour
 a - a +1 robe (worn)
Jewellery
 d - a +5 ring of dexterity (right hand)
 D - an uncursed ring of positive energy
 Q - a cursed ring of teleportation (left hand)
Scrolls
 e - 2 scrolls of identify
 h - a scroll of fear
 k - 3 scrolls of enchant armour
 l - a scroll of enchant weapon {unknown}
 m - a scroll of magic mapping {unknown}
 n - 4 scrolls of teleportation
 p - a scroll of random uselessness
 E - a scroll of noise {unknown}
 N - a scroll of remove curse
 O - a scroll of immolation {unknown}
 R - a scroll of recharging {unknown}
Potions
 c - 4 potions of blood
 s - 4 potions of curing
 t - 2 potions of poison {unknown}
 F - a potion of berserk rage {unknown}
 G - 2 potions of flight {unknown}
 H - a potion of cancellation {unknown}
 I - a potion of haste {unknown}
Books
 b - a book of Necromancy

   Spells                             Type                      Level
   a - Pain                           Necromancy                   1
   b - Animate Skeleton               Necromancy                   1
   c - Vampiric Draining              Necromancy                   3
   d - Regeneration                   Charms/Necromancy            3
   e - Animate Dead                   Necromancy                   4
   f - Control Undead                 Necromancy                   4
 K - a book of Flames

   Spells                             Type                      Level
   a - Flame Tongue                   Conjuration/Fire             1
   b - Throw Flame                    Conjuration/Fire             2
   c - Conjure Flame                  Conjuration/Fire             3
   d - Inner Flame                    Hexes/Fire                   3
   e - Sticky Flame                   Conjuration/Fire             4
   f - Fireball                       Conjuration/Fire             5


   Skills:
 + Level 1.1 Fighting
 + Level 1.1 Long Blades
 + Level 4.0 Dodging
 + Level 4.3 Stealth
 + Level 4.1 Spellcasting
 + Level 6.2 Necromancy


You had 12 spell levels left.
You knew the following spells:

 Your Spells              Type           Power        Failure   Level  Hunger
a - Pain                  Necr           ####         1%          1    None


Dungeon Overview and Level Annotations

Branches:
Dungeon (5/15)             Temple (1/1) D:5

Altars:
Ashenzari
Cheibriados
Dithmenos
Elyvilon
Gozag
Makhleb
Okawaru
Qazlal
Ru
Sif Muna
Trog
Vehumet
Xom
Yredelemnul
Zin
The Shining One
Jiyva


Innate Abilities, Weirdness & Mutations

You heal slowly.
You have razor-sharp teeth.
You have supernaturally acute eyesight.
You can survive without breathing.


Message History

e - 2 scrolls of identify (gained 1)
You enter a teleport trap!
The teleport trap disappears.
Your surroundings suddenly seem different.
There is a stone staircase leading up here.
An ogre comes into view. It is wielding a giant club.
The ogre shouts!
You enter the shallow water.
Moving in this stuff is going to be slow.
The ogre hits you with a giant club!
Okay, then.
Unknown command.
Casting: Pain
Confirm with . or Enter, or press ? or * to list all spells.
Aiming: Pain
Press: ? - help, Shift-Dir - straight line, f - ogre
Aim: an ogre, wielding a giant club (chance to defeat MR: 84%)
The ogre convulses in agony!
The ogre hits you with a giant club!!
* * * LOW HITPOINT WARNING * * *
The ogre hits you with a giant club!
You die...

. #.##.# .
#.##.#.#
#.##.#.####
###<##.#....##
#......#.##..#
........#..≈§§...#
#####.###.≈≈§§≈..#
#.##.≈§≈§§§§##
#..$.O@≈>§§§#
#####≈≈§§§§§#
#.....≈≈§≈≈.#
####.###..§§§..#
#......>##..####
#.##.##.###.#
#.##.##.###.##
#............#
#.##.##.###..#


You could see an ogre.

Vanquished Creatures
  Blork the orc (D:5)
  A scorpion (D:5)
  A hound (D:4)
  A crimson imp (D:3)
  A jelly (D:4)
  An iguana (D:4)
  2 worker ants (D:4)
  A hound skeleton (D:4)
  4 adders
  6 oozes
  An adder skeleton (D:4)
  12 orcs
  8 giant cockroaches
  10 hobgoblins
  7 jackals
  3 quokkas
  A ball python (D:3)
  13 bats
  7 giant newts
  10 goblins
  8 kobolds
  6 rats
105 creatures vanquished.

Notes
Turn   | Place    | Note
--------------------------------------------------------------
     0 | D:1      | penguinsfan71 the Vampire Necromancer began the quest for the Orb.
     0 | D:1      | Reached XP level 1. HP: 13/13 MP: 3/3
   331 | D:1      | Reached XP level 2. HP: 10/19 MP: 0/5
  1377 | D:2      | Reached skill level 5 in Necromancy
  1377 | D:2      | Reached XP level 3. HP: 22/24 MP: 3/6
  2128 | D:2      | Reached XP level 4. HP: 19/31 MP: 0/7
  4957 | D:3      | Found a shadowy altar of Dithmenos.
  4988 | D:3      | Reached XP level 5. HP: 22/36 MP: 7/9
  5260 | D:4      | Reached skill level 1 in Long Blades
  5280 | D:4      | Found a viscous altar of Jiyva.
  5520 | D:4      | Reached XP level 6. HP: 38/42 MP: 8/11
  5884 | D:4      | Reached skill level 1 in Fighting
  6096 | D:4      | Found a shattered altar of Ashenzari.
  6481 | D:5      | Entered Level 5 of the Dungeon
  6481 | D:5      | Found a staircase to the Ecumenical Temple.
  6493 | Temple   | Entered the Ecumenical Temple
  6937 | Temple   | Became a worshipper of Sif Muna the Loreminder
  7158 | D:5      | Noticed Blork the orc
  7172 | D:5      | Killed Blork the orc
  7172 | D:5      | Reached skill level 6 in Necromancy
  7543 | D:5      | Found a burning altar of Makhleb.
  7551 | D:5      | Found a basalt altar of Yredelemnul.
  7551 | D:5      | Found an opulent altar of Gozag.
  7551 | D:5      | Found a snail-covered altar of Cheibriados.
  7551 | D:5      | Found a shadowy altar of Dithmenos.
  7552 | D:5      | Found a shimmering altar of Xom.
  7554 | D:5      | Found an iron altar of Okawaru.
  7754 | D:5      | Slain by an ogre

Action                   |  1- 3 |  4- 6 || total
-------------------------+-------+-------++-------
Melee: Club              |    12 |       ||    12
       Spear             |    51 |    12 ||    63
       Falchion          |       |   109 ||   109
       Dagger            |       |    46 ||    46
       Morningstar       |       |    38 ||    38
 Cast: Pain              |    67 |   103 ||   170
 Abil: End Transformatio |       |     2 ||     2
       Bat Form          |       |     2 ||     2
  Use: Potion            |     5 |    15 ||    20
       Scroll            |       |     6 ||     6
 Stab: Sleeping          |       |     4 ||     4
